 Dungeon Crawl Stone Soup version 0.30.1-11-g7821555f0a (webtiles) character file.

Game seed: 3732517157964749186

646 Ivernyr the Shield-Bearer (level 7, -4/56 HPs)
             Began as a Formicid Fighter on Dec 6, 2023.
             Slain by an orc warrior
             ... wielding a +0 glaive
              (5 damage)
             ... on level 5 of the Dungeon.
             The game lasted 00:06:51 (3769 turns).

Ivernyr the Shield-Bearer (Formicid Fighter)        Turns: 3769, Time: 00:06:52

Health: -4/56      AC:  7    Str: 23    XL:     7   Next: 82%
Magic:  7/7        EV:  9    Int:  7    God:
Gold:   211        SH:  5    Dex: 13    Spells: 6/6 levels left

rFire   . . .        a - +0 quarterstaff
rCold   . . .        c - +0 buckler
rNeg    . . .        b - +0 scale mail
rPois   .            (helmet unavailable)
rElec   .            (no cloak)
rCorr   .            (no gloves)
SInv    +            (no boots)
Will    .....        (no amulet) Stlth
                     (no ring)
HPRegen 0.29/turn    (no ring)
MPRegen 0.10/turn

%: no passive effects
@: no status effects
A: permanent stasis, dig shafts and tunnels, antennae 3, four strong arms
a: Dig, Shaft Self


You were on level 5 of the Dungeon.
You visited 1 branch of the dungeon, and saw 5 of its levels.

You collected 211 gold pieces.

Inventory:

Hand Weapons
 a - a +0 quarterstaff (weapon)
Missiles
 y - a throwing net
Armour
 b - a +0 scale mail (worn)
 c - a +0 buckler (worn)
Jewellery
 o - a ring of wizardry
 r - a ring of fire
 t - a ring of ice
Wands
 w - a wand of mindburst (15)
Scrolls
 e - 2 scrolls of magic mapping {unknown}
 g - 3 scrolls of blinking {unknown}
 h - a scroll of fog {unknown}
 i - 2 scrolls of noise {unknown}
 j - a scroll of poison {unknown}
 l - 3 scrolls of teleportation {unknown}
 m - 3 scrolls of identify {unknown}
 u - a scroll of immolation {unknown}
 v - 2 scrolls of enchant armour {unknown}
Potions
 d - a potion of might
 f - 5 potions of haste {unknown}
 k - 2 potions of heal wounds {unknown}
 n - 6 potions of curing
 p - 2 potions of attraction {unknown}
 q - a potion of cancellation {unknown}
 s - a potion of berserk rage {unknown}
 x - a potion of mutation {unknown}


   Skills:
 + Level 5.0 Fighting
 * Level 5.3 Staves
 + Level 5.1 Armour
 + Level 6.0 Shields


You had 6 spell levels left.
You didn't know any spells.
Your spell library was empty.

Dungeon Overview and Level Annotations

Branches:
Dungeon (5/15)
 Temple: D:4-7

Altars:
Ashenzari
Cheibriados
Gozag
Makhleb
Uskayaw
Xom

Shops:
D:2 *[   D:5 [!==


Innate Abilities, Weirdness & Mutations

You cannot be hasted, slowed, berserked, paralysed or teleported.
You can dig through walls and to a lower floor.
You have a pair of large antennae on your head. (SInv)
Your four strong arms can wield two-handed weapons with a shield.


Message History

The orc shouts!
You sock the orc!
You kill the orc!
You sock the orc!
You kill the orc!
The orc warrior barely misses you.
You barely miss the orc. The orc warrior completely misses you.
The orc barely misses you.
You hit the orc.
The orc is almost dead.
The orc warrior closely misses you. You block the orc's attack.
You closely miss the orc.
The orc is almost dead.
You block the orc warrior's attack.
The orc hits you with a +1 whip of freezing.
The orc freezes you.
You barely miss the orc.
The orc is almost dead.
The orc closely misses you.
The orc warrior hits you from afar with a +0 glaive.
The orc hits you but does no damage. You block the orc warrior's attack.
You hit the orc.
You kill the orc!
The orc warrior hits you from afar with a +0 glaive!
You hit the orc.
The orc is heavily wounded.
The orc warrior barely misses you. The orc hits you with a +0 mace.
You sock the orc!
You kill the orc!
The orc warrior hits you from afar with a +0 glaive!
The orc warrior hits you with a +0 glaive!
* * * LOW HITPOINT WARNING * * *
You hit the orc warrior.
The orc warrior is lightly wounded.
The orc warrior hits you with a +0 glaive!
* * * LOW HITPOINT WARNING * * *
You hit the orc warrior but do no damage.
The orc warrior is lightly wounded.
The orc warrior hits you with a +0 glaive.
You die...

#####.####....
#.......##...
#.#._.#.##...
##.......##... .
#.........#.#.
#.###.#####....8....#...
#............8...8......
#.....#####.........#...
......o@....8.....8.###.
#.....####..........##.#
..=.. #...8...8......
###. #.....8....##.# ..
...........###. ##
##.#...#...# #
#.###.##.. ... .#


You could see an orc warrior.

Vanquished Creatures
  Grinder (D:3)
  A black bear (D:4)
  A scorpion (D:4)
  A howler monkey (D:4)
  2 orc priests (D:5)
  A sleepcap (D:4)
  Natasha (thrice) (D:4)
  A mummy (D:4)
  A gnoll (D:4)
  A worm (D:2)
  A dart slug (D:2)
  13 orcs
  5 endoplasms
  5 giant cockroaches
  5 goblins
  5 hobgoblins
  3 jackals (D:2)
  8 kobolds
  4 quokkas
  5 ball pythons
  3 bats (D:1)
  5 frilled lizards
  2 hobgoblin zombies (D:4)
  A kobold zombie (D:4)
  An orc zombie (D:4)
  2 rats
81 creatures vanquished.

Notes
Turn   | Place    | Note
-------+----------+-------------------------------------------
     0 | D:1      | Ivernyr the Formicid Fighter began the quest for the Orb.
     0 | D:1      | Reached XP level 1. HP: 18/18 MP: 1/1
   106 | D:1      | Reached XP level 2. HP: 20/24 MP: 2/2
   997 | D:2      | Reached XP level 3. HP: 29/29 MP: 3/3
  1151 | D:2      | Found Awesedi's Assorted Antiques.
  1313 | D:2      | Found Kues's Armour Boutique.
  1483 | D:2      | Found a faded altar of an unknown god.
  1895 | D:3      | Found a shimmering altar of Xom.
  1899 | D:3      | Found a snail-covered altar of Cheibriados.
  1917 | D:3      | Reached XP level 4. HP: 37/37 MP: 4/4
  2070 | D:3      | Noticed Grinder
  2077 | D:3      | Killed Grinder
  2078 | D:3      | Reached skill level 5 in Shields
  2078 | D:3      | Reached XP level 5. HP: 23/43 MP: 5/5
  2078 | D:3      | Reached XP level 6. HP: 26/49 MP: 6/6
  2405 | D:4      | Noticed Natasha
  2418 | D:4      | Killed Natasha
  2626 | D:4      | Noticed a black bear
  2631 | D:4      | Killed a black bear
  2632 | D:4      | Reached XP level 7. HP: 52/55 MP: 7/7
  2717 | D:4      | Noticed Natasha
  2732 | D:4      | Killed Natasha
  2821 | D:3      | Found a burning altar of Makhleb.
  2821 | D:3      | Found a broken altar of Ashenzari.
  3004 | D:4      | Found an opulent altar of Gozag.
  3164 | D:4      | Reached skill level 5 in Staves
  3189 | D:4      | You fall into a shaft and drop 1 floor!
  3189 | D:5      | Entered Level 5 of the Dungeon
  3293 | D:4      | Noticed Natasha
  3300 | D:4      | Killed Natasha
  3301 | D:4      | Reached skill level 5 in Fighting
  3301 | D:4      | Reached skill level 5 in Armour
  3536 | D:5      | Reached skill level 6 in Shields
  3716 | D:5      | Found Loacwo's Jewellery Shoppe.
  3718 | D:5      | Found Wycvukh's Jewellery Boutique.
  3719 | D:5      | Found Xaejeez's Distillery.
  3719 | D:5      | Found Kerre's Armour Shoppe.
  3741 | D:5      | Found a hide-covered altar of Uskayaw.
  3768 | D:5      | HP: 1/56 [orc warrior/+0 glaive (15)]
  3769 | D:5      | Slain by an orc warrior

Illustrated notes

Levels and vault maps discovered:
D:1:      tarquinn_simple_flora_water_d, layout_loops_corners, minmay_unequal
D:2:      layout_loops_ring, serial_shops, shop, shop_fountains,
          dreamdust_ecumenical_altar_angels_and_demons, grunt_ministairs_3
D:3:      layout_rooms, nicolae_overflow_hidden_temple, patterned_corridor,
          uniq_grinder
D:4:      layout_basic, lemuel_tele_altar, serial_park_tiny_2, st_stairs_11,
          minmay_mini_ossuary, uniq_natasha
D:5:      layout_loops_ring, nicolae_uskayaw_dance_hall,
          nicolae_elyvilon_temple_path, nicolae_wooded_promenade

Skill      XL: |  1  2  3  4  5  6  7 |
---------------+----------------------+-----
Fighting       | 4 5 |  5.0
Staves         | 4 5 |  5.3
Armour         | 4 5 |  5.1
Shields        | 5 6 |  6.0

Action                     |  1- 3 |  4- 6 |  7- 9 || total
---------------------------+-------+-------+-------++-------
  Melee: Quarterstaff      |   110 |    64 |    85 ||   259
 Armour: Scale mail        |    48 |    15 |    22 ||    85
  Dodge: Dodged            |    54 |    34 |    28 ||   116
  Block: Buckler           |    21 |    24 |    14 ||    59
